 Dungeon Crawl Stone Soup version 0.17-a0-1311-gbcbd859 (webtiles) character file.

204 Medar the Conjurer (level 5, 0/31 HPs)
             Began as an Octopode Wizard on June 8, 2015.
             Was an Initiate of Ashenzari.
             Slain by an orc wizard
             ... wielding a +0 dagger of draining
              (1 damage)
             ... on level 3 of the Dungeon.
             The game lasted 00:09:18 (3847 turns).

Medar the Conjurer (Octopode Wizard)                Turns: 3847, Time: 00:09:18

Health: 0/31       AC:  1    Str:  7    XL:     5   Next: 82%
Magic:  0/9        EV: 11    Int: 21    God:    Ashenzari [......]
Gold:   152        SH:  0    Dex: 10    Spells: 5 memorised, 0 levels left

rFire  . . .     SeeInvis .     a - +0 dagger (curse)
rCold  . . .     Clarity  .     (no shield)
rNeg   . . .     SustAt   .     e - +0 hat
rPois  .         Gourm    +     n - amulet of the gourmand
rElec  .         Spirit   .     (no ring)
rCorr  .         Warding  .     (no ring)
rMut   .         Stasis   .     (no ring)
MR     .....                    (no ring)
Stlth  +++.......               (no ring)
                                (no ring)
                                (no ring)
                                (no ring)

@: repel missiles, heavily drained, not resistant to hostile enchantments,
fairly stealthy
A: almost no armour, amphibious, 8 rings, constrict 8, camouflage 1, gelatinous
body 1
a: Renounce Religion


You were on level 3 of the Dungeon.
You worshipped Ashenzari.
Ashenzari was noncommittal.
You were very full.

You visited 1 branch of the dungeon, and saw 3 of its levels.

You collected 152 gold pieces.

Inventory:

Hand weapons
 a - a cursed +0 dagger (weapon)
 j - a +2 dagger of distortion
Armour
 e - a +0 hat (worn)
Jewellery
 d - an uncursed ring of teleport control
 n - an amulet of the gourmand (around mantle)
Scrolls
 i - a scroll of magic mapping
 k - a scroll of enchant armour {unknown}
 l - a scroll of random uselessness {unknown}
 p - a scroll of recharging {unknown}
 q - a scroll of fog
Potions
 m - 2 potions of haste
Books
 b - a book of Minor Magic

   Spells                             Type                      Level
   a - Magic Dart                     Conjuration                  1
   b - Blink                          Translocation                2
   c - Call Imp                       Summoning                    2
   d - Repel Missiles                 Charms/Air                   2
   e - Slow                           Hexes                        2
   f - Conjure Flame                  Conjuration/Fire             3
   g - Mephitic Cloud                 Conjuration/Poison/Air       3
Comestibles
 c - 7 bread rations {@e1}
 f - a beef jerky
 g - 3 meat rations {@e2}
 h - 5 slices of pizza
 o - 6 fruits


   Skills:
 - Level 2.0(0.8) Dodging
 - Level 2.6(1.4) Stealth
 - Level 3.0(1.7) Spellcasting
 - Level 5.5(4.2) Conjurations
 - Level 1.0(0.0) Summonings
 - Level 1.0(0.0) Translocations
 + Level 0.2(0.0) Air Magic
 + Level 0.0 Poison Magic


You couldn't memorise any spells.
You knew the following spells:

 Your Spells              Type           Power        Failure   Level  Hunger
d - Mephitic Cloud        Conj/Pois/Air  #.......     30%         3    ###....
r - Repel Missiles        Chrm/Air       #.....       28%         2    ###....
s - Call Imp              Summ           #.......     28%         2    ###....
w - Blink                 Tloc           N/A          28%         2    ###....
x - Magic Dart            Conj           ###.         2%          1    #......


Dungeon Overview and Level Annotations

Branches:
Dungeon (3/15)

Altars:
Ashenzari
Fedhas
The Shining One


Innate Abilities, Weirdness & Mutations

You cannot wear most types of armour.
You are amphibious.
You can wear up to eight rings at the same time.
You can use your tentacles to constrict eight enemies at once.
Your skin changes colour to match your surroundings (Stealth).
Your rubbery body absorbs attacks (AC +1).


Message History

Press: ? - help, Shift-Dir - straight line, f/p - orc wizard
Aim: an orc wizard, wielding a dagger of draining and wearing a robe (heavily wounded, constricted by you)
The magic dart hits the orc wizard.
The orc wizard is heavily wounded.
You constrict the orc wizard. The orc wizard casts a spell at you.
The magic dart hits you!
* * * LOW HITPOINT WARNING * * *
Casting: Magic Dart
Confirm with . or Enter, or press ? or * to list all spells.
Aiming: Magic Dart
Press: ? - help, Shift-Dir - straight line, f/p - orc wizard
Aim: an orc wizard, wielding a dagger of draining and wearing a robe (heavily wounded, constricted by you)
The magic dart hits the orc wizard.
The orc wizard is heavily wounded.
You constrict the orc wizard.
The orc wizard hits you with a dagger of draining.
* * * LOW HITPOINT WARNING * * *
You feel drained.
You die...

#........#
#o#
#.#.#####.#
#...... #.#.#
#.w.....
#...#
#o###.##
#.### ####.#
#.#
#.####.....#
#.#
#.##.....#
#.#
##.##.#.#.##
#..
#..@.).......
#.o##.#.#..#.
#..##...). #
#..####.##.
#..# ... ..
#..# ##. .
.... . #..


You could see an orc wizard.

Vanquished Creatures
  The ghost of Oddysee the Conjurer, an average OpFE (D:3)
  2 adders
  3 gnolls (D:2)
  A worm (D:3)
  2 giant geckos
  3 orcs (D:3)
  A ball python (D:1)
  6 goblins
  4 hobgoblins
  4 jackals (D:3)
  9 bats
  3 giant cockroaches
  4 giant newts
  7 kobolds
  40 rats
90 creatures vanquished.

Notes
Turn   | Place    | Note
--------------------------------------------------------------
     0 | D:1      | Medar the Octopode Wizard began the quest for the Orb.
     0 | D:1      | Reached XP level 1. HP: 11/11 MP: 4/4
   432 | D:1      | Reached XP level 2. HP: 17/17 MP: 3/6
   530 | D:1      | You fall through a shaft!
   534 | D:2      | Found a shattered altar of Ashenzari.
   633 | D:2      | Learned a level 2 spell: Blink
   636 | D:2      | Learned a level 2 spell: Call Imp
   680 | D:2      | Became a worshipper of Ashenzari the Shackled
  1094 | D:1      | Learned a level 2 spell: Repel Missiles
  1200 | D:1      | Reached XP level 3. HP: 21/21 MP: 3/7
  2422 | D:2      | Reached XP level 4. HP: 27/27 MP: 5/8
  2679 | D:2      | Reached skill level 4 in Conjurations
  3074 | D:2      | Found a blossoming altar of Fedhas.
  3449 | D:3      | Noticed Oddysee's ghost (average OpFE)
  3486 | D:3      | Reached XP level 5. HP: 31/31 MP: 3/9
  3570 | D:3      | Found a glowing golden altar of the Shining One.
  3611 | D:3      | Killed Oddysee's ghost
  3611 | D:3      | Reached skill level 5 in Conjurations
  3763 | D:3      | Learned a level 3 spell: Mephitic Cloud
  3847 | D:3      | HP: 1/31 [orc wizard/dagger of draining (3)]
  3847 | D:3      | Slain by an orc wizard

Vault maps used:
D:1:      matt_arrival_spirals, minmay_tree_intersection, serial_bayou_lagoon_b
D:2:      nicolae_ashenzari_panopticon, fedhas_altar_fruit_tree, st_stairs_5,
          minmay_rats_cheesy_pizza
D:3:      old_standard_altar, minitemple

Action                   |  1- 3 |  4- 6 || total
-------------------------+-------+-------++-------
Melee: Unarmed           |     4 |       ||     4
       Dagger            |    33 |    20 ||    53
 Cast: Magic Dart        |   101 |    73 ||   174
       Repel Missiles    |     1 |       ||     1
       Blink             |       |     1 ||     1
  Use: Scroll            |     3 |     2 ||     5
       Potion            |       |     2 ||     2
 Stab: Sleeping          |       |     1 ||     1
  Eat: Chunk             |    16 |     3 ||    19
